AoeStats
← Dr. Daniel Jackson

Arena

509084976Analyzed
2v2 RM · 8d ago on Sep 25, 2026· 32m 19s· 4 players
Game mode
Random Map
Map size
Medium (4 player)
Population
200
Speed
Normal
Resources
Standard
Victory
Conquest
Starting age
Dark Age
Ending age
Imperial Age
RankedLock teamsTeams togetherTeam positionsShared explorationLock speedFull tech treeHidden civsTurbo modeCheats
Victory
Defeat
🇬🇧 Wu · United Kingdom
748
+16
🇳🇱 Burgundians · Netherlands
721
+17
🇩🇪 Burgundians · Germany
780
-17
🇦🇺 Teutons · Australia
726
-21
MadmanMike91
9:21 Loom
11:06 Feudal Age
16:08 Castle Age
15:07 Double-Bit Axe
15:47 Horse Collar
15:59 Stone Mining
16:55 Fletching
17:24 Bow Saw
17:08 Gold Mining
19:17 Heavy Plow
24:55 Gold Shaft Mining
27:21 Padded Archer Armor
28:56 Wheelbarrow
33:35 Imperial Age
31:21 Hand Cart
33:16 Ballistics
32:52 Murder Holes
32:37 Treadmill Crane
bvh-*****
10:45 Feudal Age
15:33 Castle Age
14:01 Double-Bit Axe
14:19 Horse Collar
16:05 Heavy Plow
30:54 Imperial Age
30:58 Scale Mail Armor
31:08 Forging
30:49 Fletching
31:47 Town Watch
32:38 Wheelbarrow
33:39 Chemistry
32:17 Pikeman
Dr. Daniel Jackson
7:29 Loom
10:15 Feudal Age
13:36 Wheelbarrow
13:56 Man-at-Arms
14:52 Double-Bit Axe
20:30 Town Watch
22:54 Arson
24:10 Forging
23:51 Fletching
24:52 Horse Collar
25:16 Scale Mail Armor
Rammit Inmaass
8:12 Wheelbarrow
8:07 Double-Bit Axe
9:32 Horse Collar
11:49 Gold Mining
11:49 Stone Mining
15:51 Feudal Age
19:25 Castle Age
18:03 Gold Shaft Mining
19:02 Forging
19:34 Bow Saw
19:28 Heavy Plow
28:56 Hand Cart
31:50 Imperial Age
30:16 Cavalier
32:31 Fletching
Connection lost

Rejoining the realm…

Still unreachable

The connection could not be restored.

Session expired

The server has moved on; the page needs a fresh start.